 Dungeon Crawl Stone Soup version 0.27-a0-1595-g0b823d0a13 (webtiles) character file.

Game seed: 7200175854727269817

0 SkeletonJelly the Skirmisher (level 1, -6/19 HPs)
             Began as a Minotaur Abyssal Knight on July 21, 2021.
             Was a Follower of Lugonu.
             Mangled by an ancient zyme (13 damage)
             ... on level 1 of the Abyss.
             The game lasted 00:00:21 (104 turns).

SkeletonJelly the Skirmisher (MiAK)                  Turns: 104, Time: 00:00:22

Health: -6/19      AC:  3    Str: 16    XL:     1   Next: 0%
Magic:  1/1        EV: 11    Int:  9    God:    Lugonu [*.....]
Gold:   28         SH:  0    Dex:  9    Spells: 0/0 levels left

rFire    . . .     SeeInvis .   a - +1 hand axe
rCold    . . .     Faith    .   (no shield)
rNeg     . . .     Spirit   .   b - +0 leather armour
rPois    .         Reflect  .   (helmet restricted)
rElec    .         Harm     .   (no cloak)
rCorr    .         Rampage  .   (no gloves)
Will     .....                  (no boots)
Stlth    +.........             (no amulet)
HPRegen  0.00/turn              (no ring)
MPRegen  0.07/turn              (no ring)

@: diseased
A: horns 2, retaliatory headbutt
a: Renounce Religion, Depart the Abyss


You were on level 1 of the Abyss.
You worshipped Lugonu.
Lugonu was aware of your devotion.
You visited 0 branches of the dungeon, and saw 0 of its levels.
You visited the Abyss 1 time.

You collected 28 gold pieces.

Inventory:

Hand Weapons
 a - a +1 hand axe (weapon)
Armour
 b - a +0 leather armour (worn)


   Skills:
 + Level 3.6 Fighting
 + Level 2.4 Axes
 + Level 2.4 Armour
 + Level 1.1 Dodging
 + Level 1.7 Invocations


You couldn't memorise any spells.
You didn't know any spells.
Your spell library was empty.

Dungeon Overview and Level Annotations

Branches:
Dungeon (0/15)

Altars:


Innate Abilities, Weirdness & Mutations

You have a pair of horns on your head.
You reflexively headbutt those who attack you in melee.


Message History

Welcome, SkeletonJelly the Minotaur Abyssal Knight.
Will you prevail where others failed? Will you find the Orb of Zot?
Lugonu says: Depart the Abyss and spread corruption, my servant! (use the ability menu to exit the Abyss) Press ? for a list of commands and other information.
Found a corrupted altar of Lugonu.
Found a gateway leading out of the Abyss.
Key pressed, stopping explore.
Found 18 gold pieces.
Found 10 gold pieces.
You now have 18 gold pieces.
You now have 28 gold pieces (gained 10).
A tentacled starspawn assembles itself!
A tentacled starspawn is nearby!
A tentacle flies out from the starspawn's body!
A starspawn tentacle comes into view.
Tentacles burst from the starspawn's body! 2 starspawn tentacles come into view.
Tentacles burst from the starspawn's body! 2 starspawn tentacles come into view.
Found 5 gold pieces.
An ancient zyme comes into view.
You feel yourself growing ill in the presence of the ancient zyme.
An iron dragon zombie comes into view.
You feel ill. 2 starspawn tentacles come into view.
The ancient zyme hits you!
Ouch! That really hurt!
The ancient zyme hits you!
Ouch! That really hurt!
You die...

.. Z... .......
....... ......
### ..x.# ##.#
...##
###..###....#..
#.###@x....$...
#.#.#w##.##....
#. #.│#..# . .
##.#.wX..#. ...
##.##.# X.....
#.. ...#. ...
#. ..####...
#.##.##...#
#.#.#. .#


You could see a tentacled starspawn, an ancient zyme and 2 starspawn tentacles.

Vanquished Creatures (others)
  6 starspawn tentacles (Abyss:1)
6 creatures vanquished.

Notes
Turn   | Place    | Note
-------+----------+-------------------------------------------
     0 | Abyss:1  | SkeletonJelly the Minotaur Abyssal Knight began the quest
                  | for the Orb.
     0 | Abyss:1  | Reached XP level 1. HP: 19/19 MP: 1/1
    72 | Abyss:1  | Noticed a tentacled starspawn
    96 | Abyss:1  | Noticed an ancient zyme
    97 | Abyss:1  | Noticed an iron dragon zombie
   104 | Abyss:1  | Mangled by an ancient zyme

Illustrated notes

Levels and vault maps discovered:
Abyss:1:  base: Temple, base:
Temple

Table legend: (Time is in decaauts)
 A = Elapsed time spent in this place.
 B = Non-inter-level travel time spent in this place.
 C = Inter-level travel time spent in this place.
 D = Time resting spent in this place.
 E = Time spent auto-exploring this place.
 F = Levels seen in this place.
 G = Mean time per level.
                   A        B        C        D        E       F      G
               +--------+--------+--------+--------+--------+-----+--------+
         Total |    104 |    104 |      0 |      0 |     72 |   1 |  104.0 |
         Abyss |    104 |    104 |      0 |      0 |     72 |   1 |  104.0 |
               +--------+--------+--------+--------+--------+-----+--------+

Top non-repeatable levels by time:
 Abyss:1: 104 daAuts
